Map: Catalyst LE

Players

NovembersEnd - Winner!

  • Race: Zerg Zerg
  • League: Diamond
  • Spawn Location: 11:00

Lezber

  • Race: Protoss Protoss
  • League: Platinum
  • Spawn Location: 5:00

VOD

Have the link to the VOD?

Description

Time

  • Played on: April 19, 2018, 9 p.m.
  • Length: 22:00
Show
View Real Time Build Order
Export as new Build Order

NovembersEnd Zerg - Winner!

Build Orders: Pool First, Lurkers 

Get SALT Encoding   

  12  0:01  Drone  
  13  0:12  Drone  
  14  0:17  Overlord  
  14  0:28  Extractor  
  14  0:29  Drone  
  15  0:44  Drone x2  
  15  0:45  Drone  
  18  0:59  Spawning Pool  
  18  1:00  Extractor  
  18  1:01  Drone  
  17  1:09  Drone  
  18  1:16  Drone  
  19  1:24  Hatchery  
  18  1:28  Drone  
  19  1:38  Drone  
  21  2:02  Queen  
  21  2:03  Overlord  
  21  2:07  Metabolic Boost  
  22  2:22  Drone x2  
  24  2:33  Zergling x2  
  24  2:36  Drone  
  26  2:45  Drone  
  26  2:48  Queen  
  26  2:51  Overlord  
  29  2:58  Drone x2  
  31  3:05  Drone  
  32  3:08  Drone  
  33  3:13  Drone  
  33  3:15  Hatchery, Overlord x2  
  33  3:19  Drone  
  34  3:31  Drone x3  
  37  3:34  Extractor  
  36  3:47  Drone x5  
  41  3:52  Pneumatized Carapace  
  41  3:54  Burrow  
  41  3:58  Drone x2  
  43  4:04  Drone  
  43  4:06  Extractor  
  43  4:08  Drone, Extractor  
  43  4:20  Drone x3  
  46  4:25  Drone x3  
  46  4:27  Drone, Queen  
  48  4:41  Queen  
  47  4:53  Drone x6  
  47  4:54  Drone x3  
  47  4:58  Spore Crawler  
  47  4:59  Spore Crawler  
  54  5:05  Drone x3  
  57  5:13  Drone x2  
  59  5:21  Spore Crawler  
  59  5:23  Spore Crawler  
  59  5:24  Drone x3  
  60  5:40  Lair  
  60  5:43  Roach Warren  
  60  5:49  Evolution Chamber  
  58  5:51  Evolution Chamber  
  57  5:58  Drone x9  
  57  5:59  Overlord x3  
  66  6:12  Overlord x5  
  66  6:13  Overlord x2  
  66  6:19  Zergling x4  
  66  6:24  Zerg Ground Armor Level 1, Zerg Missile Weapons Level 1  
  59  6:26  Drone x9  
  59  6:27  Drone  
  50  6:41  Queen, Roach x6  
  50  6:45  Roach  
  62  6:52  Roach x2  
  65  7:01  Roach Warren  
  65  7:05  Drone x11  
  65  7:06  Drone x9  
  63  7:14  Queen  
  57  7:28  Roach Warren  
  55  7:32  Hydralisk Den  
  55  7:33  Zergling x16  
  62  7:38  Drone x7  
  61  7:59  Drone x8  
  61  8:00  Drone x3  
  61  8:05  Drone x7  
  72  8:07  Drone x2  
  72  8:08  Drone x7, Muscular Augments, Glial Reconstitution  
  72  8:25  Drone x8  
  80  8:34  Drone x4  
  80  8:39  Roach x2  
  86  9:04  Hydralisk x9  
  104  9:12  Drone x6  
  104  9:15  Extractor  
  109  9:17  Extractor  
  108  9:30  Hydralisk x5  
  118  9:32  Zerg Missile Weapons Level 2  
  118  9:36  Zergling x2  
  119  9:51  Hydralisk x4  
  119  9:52  Hydralisk  
  129  10:02  Hatchery  
  113  10:07  Zergling x12  
  115  10:17  Hydralisk x5  
  105  10:26  Zergling x8  
  99  10:28  Hydralisk  
  99  10:32  Hydralisk  
  90  10:44  Overseer x2  
  90  10:48  Grooved Spines  
  90  10:49  Zerg Ground Armor Level 2  
  89  10:56  Drone x4  
  93  11:11  Lurker Den  
  92  11:22  Queen x3  
  98  11:27  Drone x7  
  105  11:57  Hydralisk x9  
  123  12:28  Hydralisk x10  
  143  12:35  Infestation Pit  
  143  12:36  Extractor  
  141  12:38  Extractor  
  141  12:42  Spine Crawler  
  141  12:43  Spine Crawler  
  138  12:44  Spine Crawler  
  138  12:46  Spine Crawler x2  
  138  12:48  Spine Crawler  
  134  12:52  Spore Crawler  
  134  12:57  Lurker x9  
  142  13:01  Overlord x2  
  142  13:02  Overlord  
  102  13:50  Hydralisk x12  
  118  14:01  Lurker  
  118  14:02  Lurker x2  
  120  14:04  Lurker  
  120  14:05  Hydralisk x2  
  120  14:07  Zergling x4  
  128  14:13  Overseer  
  116  14:17  Hive  
  103  14:28  Hydralisk x8  
  119  14:38  Drone x4  
  123  14:51  Lurker x2  
  123  14:52  Lurker x3  
  122  14:54  Zergling x12  
  128  15:28  Adrenal Glands, Spire  
  127  15:30  Zerg Missile Weapons Level 3  
  127  15:32  Zergling x22  
  127  15:33  Hatchery  
  137  15:46  Hatchery  
  136  15:50  Hydralisk x5  
  136  15:54  Lurker x2  
  148  15:59  Lurker  
  148  16:01  Zergling x8  
  153  16:14  Zerg Ground Armor Level 3  
  153  16:26  Overlord x3  
  153  16:38  Queen  
  120  16:50  Hydralisk x8  
  101  17:04  Hydralisk x4  
  106  17:20  Drone x10  
  116  17:27  Overseer x2  
  116  17:31  Lurker x5  
  116  17:37  Spine Crawler  
  120  17:49  Drone x8  
  120  17:50  Extractor x2  
  126  18:03  Drone x3  
  129  18:09  Zerg Melee Weapons Level 1  
  129  18:13  Hydralisk x6  
  141  18:22  Corruptor x2  
  141  18:24  Corruptor  
  147  18:31  Queen  
  149  18:44  Hydralisk x6  
  149  18:48  Corruptor x2  
  163  18:52  Greater Spire  
  163  18:54  Adaptive Talons  
  165  18:59  Hydralisk x2  
  169  19:19  Corruptor x5  
  179  20:06  Overlord x5  
  179  20:21  Overlord  
  179  20:35  Brood Lord  
  181  20:36  Brood Lord x9  
  170  21:35  Hydralisk x2  
  170  21:36  Hydralisk x7  
Show
View Real Time Build Order
Export as new Build Order

Lezber Protoss 

Build Orders: 1 Gate Expand, Oracle Opening, Phoenix Opening 

Get SALT Encoding   

  12  0:11  Probe  
  12  0:12  Pylon  
  12  0:19  Probe  
  14  0:34  Gateway  
  14  0:41  Assimilator  
  14  0:55  Probe  
  15  1:07  Probe  
  16  1:19  Probe  
  17  1:31  Probe  
  18  1:35  Nexus  
  18  1:46  Cybernetics Core  
  18  1:54  Assimilator  
  18  2:03  Pylon  
  18  2:10  Probe  
  19  2:16  Adept  
  21  2:34  Probe  
  22  2:43  Stargate  
  22  2:46  Probe  
  23  2:55  Adept  
  25  3:00  Gateway, Probe x2  
  27  3:10  Warp Gate  
  27  3:15  Probe x2  
  27  3:17  Oracle  
  32  3:37  Probe  
  32  3:38  Probe  
  34  3:45  Twilight Council  
  34  3:50  Adept  
  34  3:51  Adept  
  38  3:58  Phoenix  
  38  4:02  Probe x2  
  42  4:06  Assimilator  
  42  4:17  Gateway  
  42  4:21  Adept  
  44  4:24  Adept  
  46  4:36  Resonating Glaives  
  46  4:54  Probe x2  
  45  5:06  Probe  
  46  5:12  Pylon  
  46  5:30  Probe x2  
  46  5:35  Adept x3  
  54  5:49  Robotics Facility  
  54  5:53  Gateway  
  54  5:55  Robotics Facility  
  54  5:58  Gateway  
  54  6:08  Charge  
  54  6:17  Nexus  
  54  6:18  Pylon  
  54  6:36  Probe x2  
  56  6:49  Immortal  
  60  6:55  Assimilator  
  60  6:58  Pylon  
  60  7:00  Pylon  
  60  7:02  Pylon  
  60  7:03  Dark Shrine  
  60  7:17  Immortal  
  62  7:51  Immortal  
  60  7:57  Probe x3  
  63  8:01  Immortal  
  71  8:09  Probe  
  72  8:13  Pylon, Zealot x4  
  72  8:14  Pylon, Zealot  
  72  8:16  Pylon  
  82  8:20  Gateway  
  82  8:29  Warp Prism  
  82  8:31  Probe x3  
  87  8:36  Forge  
  87  8:42  Dark Templar  
  87  8:43  Probe x2, Dark Templar x3  
  97  8:49  Archon  
  97  8:50  Archon  
  97  9:06  Adept  
  99  9:16  Adept x2  
  103  9:17  Adept  
  103  9:19  Probe x3  
  108  9:31  Probe  
  108  9:33  Probe  
  108  9:35  Robotics Bay  
  108  9:38  Templar Archives  
  110  9:40  Gateway, Observer  
  110  9:44  Pylon  
  111  9:51  Zealot x2  
  111  9:52  Zealot x3  
  121  10:06  Zealot  
  97  10:12  Zealot x3  
  103  10:21  Dark Templar x2  
  79  10:29  Zealot  
  79  10:35  Colossus  
  67  11:02  Psionic Storm  
  67  11:04  Probe x3, Colossus  
  67  11:06  Zealot x4  
  67  11:07  Sentry x2  
  82  11:16  Probe  
  89  11:20  High Templar  
  89  11:23  Archon  
  91  11:35  Probe x3  
  91  11:37  Extended Thermal Lance  
  91  11:38  Assimilator  
  94  11:42  Colossus  
  94  11:47  Probe  
  94  11:49  Forge  
  101  11:58  Colossus  
  101  11:59  Pylon  
  107  12:02  Pylon  
  107  12:06  High Templar  
  107  12:07  High Templar, Zealot  
  113  12:10  Adept  
  115  12:21  Assimilator  
  115  12:25  Protoss Ground Weapons Level 1  
  115  12:37  Probe x2  
  115  12:38  Probe  
  118  12:52  Void Ray, Nexus  
  118  12:57  Pylon  
  122  13:11  Protoss Ground Armor Level 1  
  122  13:13  Pylon  
  122  13:14  Photon Cannon  
  122  13:16  Photon Cannon  
  122  13:19  Gateway, Pylon  
  122  13:21  Assimilator, Pylon  
  122  13:23  Photon Cannon  
  90  13:44  Zealot x3  
  86  13:52  Zealot x4  
  66  14:01  Observer  
  66  14:02  Observer  
  60  14:06  Dark Templar x3  
  66  14:16  Colossus x2  
  66  14:30  Zealot x2  
  82  14:57  Void Ray  
  82  14:58  Cybernetics Core  
  86  15:03  Probe x4  
  90  15:09  Gateway, Colossus x2  
  90  15:11  Gateway  
  90  15:13  High Templar x2, Zealot x2  
  98  15:14  High Templar  
  98  15:15  Probe x4  
  98  15:17  Archon  
  116  15:27  Pylon  
  116  15:33  Probe x2  
  116  15:34  Probe x2  
  116  15:35  Photon Cannon  
  120  15:38  Zealot  
  120  15:39  Zealot  
  120  15:41  Protoss Ground Weapons Level 2  
  124  16:01  Assimilator  
  124  16:06  Assimilator, Stargate  
  124  16:09  Dark Templar x2  
  124  16:10  Dark Templar x2  
  132  16:13  Archon  
  132  16:14  Archon  
  132  16:15  High Templar  
  134  16:20  Sentry  
  134  16:22  Dark Templar  
  138  16:27  Archon  
  138  16:34  Gateway  
  138  16:37  Pylon  
  105  16:52  Dark Templar  
  105  16:53  Dark Templar x2  
  85  17:08  Observer x2  
  81  17:16  Colossus  
  81  17:17  Colossus  
  81  17:26  Zealot x3  
  81  17:27  Zealot  
  89  17:35  Zealot x3  
  89  17:37  Assimilator  
  107  17:43  Gateway  
  107  17:45  Pylon  
  107  17:49  Pylon  
  107  17:51  Photon Cannon  
  107  18:04  Warp Prism, Colossus  
  107  18:09  Nexus  
  107  18:11  Photon Cannon  
  115  18:16  Pylon  
  115  18:22  High Templar x2  
  115  18:24  Void Ray x2  
  115  18:26  Gateway  
  119  18:27  Pylon  
  123  18:40  Colossus  
  133  18:43  Photon Cannon  
  133  18:47  Photon Cannon  
  133  18:49  Sentry  
  133  18:55  Gateway  
  135  18:56  Void Ray  
  135  18:57  Void Ray  
  143  19:22  Zealot x7  
  143  19:23  Zealot  
  159  19:29  Void Ray x2  
  151  19:46  Probe x3  
  151  19:47  Photon Cannon, Probe  
  151  19:49  Probe  
  156  19:54  Probe x2  
  156  19:55  Probe  
  156  19:58  Protoss Shields Level 1  
  159  20:01  Probe  
  159  20:05  Cybernetics Core  
  159  20:06  Shield Battery  
  160  20:07  Pylon  
  160  20:11  High Templar  
  162  20:15  Assimilator  
  162  20:23  Photon Cannon  
  162  20:30  Assimilator  
  162  20:33  Photon Cannon  
  162  20:46  Immortal  
  162  20:47  Immortal  
  170  20:53  Fleet Beacon  
  170  20:54  Photon Cannon  
  170  20:55  Probe  
  171  21:07  Stalker x2  
  171  21:08  Stalker  
  171  21:09  Stalker x4  
  185  21:13  Void Ray x2  
Tags
 
Add a new tag
Caveats
  • Supply blocks, unpowered buildings, or Contaminate may cause inaccurate times.
  • Supply counts are checked every 10 seconds.